 Dungeon Crawl Stone Soup version 0.29-a0-468-ge57f7f99b4 (webtiles) character file.

Game seed: 16335445257035731826

223 Sabo the Chopper (level 5, 0/39 HPs)
             Began as a Demonspawn Gladiator on May 21, 2022.
             Was an Initiate of Gozag.
             Slain by Natasha (3 damage)
             ... on level 3 of the Dungeon.
             The game lasted 00:12:26 (3352 turns).

Sabo the Chopper (Demonspawn Gladiator)             Turns: 3352, Time: 00:12:27

Health: 0/39       AC:  8    Str: 17    XL:     5   Next: 66%
Magic:  5/5        EV: 10    Int:  9    God:    Gozag
Gold:   180        SH:  4    Dex: 14    Spells: 4/4 levels left

rFire   . . .      SeeInvis +   a - +0 war axe
rCold   . . .      Faith    .   (no shield)
rNeg    . . .      Spirit   .   k - +0 scale mail
rPois   .          Reflect  .   c - +0 helmet
rElec   .          Harm     .   (no cloak)
rCorr   .          Rampage  .   m - +0 pair of gloves
Will    .....                   (no boots)
Stlth   ..........              (no amulet)
HPRegen 0.13/turn               r - ring of see invisible
MPRegen 0.09/turn               (no ring)

@: no status effects
A: hooves 1, powered by pain 1, condensation shield
a: Renounce Religion, Potion Petition, Call Merchant, Bribe Branch


You were on level 3 of the Dungeon.
You worshipped Gozag.
Gozag was aware of your devotion.
You visited 1 branch of the dungeon, and saw 3 of its levels.

You collected 215 gold pieces.
You paid 35 gold pieces to Gozag.

Inventory:

Hand Weapons
 a - a +0 war axe (weapon)
Missiles
 d - 3 throwing nets (quivered)
 e - a javelin
Armour
 c - a +0 helmet (worn)
 k - a +0 scale mail (worn)
 m - a +0 pair of gloves (worn)
Jewellery
 r - a ring of see invisible (left hand)
Scrolls
 g - a scroll of fog
 h - 2 scrolls of teleportation
 i - a scroll of enchant armour {unknown}
 l - a scroll of magic mapping
 o - a scroll of brand weapon
 s - a scroll of amnesia {unknown}
 t - a scroll of noise {unknown}
 u - a scroll of immolation {unknown}
Potions
 b - a potion of lignification {unknown}
 f - 2 potions of curing {unknown}
 j - 2 potions of flight {unknown}
 n - a potion of haste {unknown}
 p - a potion of ambrosia {unknown}
 q - a potion of magic {unknown}


   Skills:
 + Level 2.7 Fighting
 + Level 4.7 Axes
 + Level 1.9 Throwing
 + Level 1.2 Armour
 + Level 3.5 Dodging


You had 4 spell levels left.
You didn't know any spells.
Your spell library contained the following spells:

 Spells                   Type           Power      Damage    Failure   Level
 Slow                     Hex            0%         N/A       80%         1


Dungeon Overview and Level Annotations

Branches:
Dungeon (3/15)

Altars:
Gozag
Uskayaw

Annotations:
D:3 Natasha


Innate Abilities, Weirdness & Mutations

You have large cloven feet.
You sometimes gain a little power by taking damage.
A meltable shield of frost defends you. (SH +4)


Message History

You barely miss the white imp. You kick the white imp.
The white imp is moderately wounded.
The white imp gestures at you. The puff of frost hits you!
The white imp gestures at you. The puff of frost hits you.
You closely miss the white imp.
The white imp is moderately wounded.
Natasha casts a spell.
The white imp gestures at you. The puff of frost hits you.
You hit the white imp.
The white imp is severely wounded.
The white imp gestures at you. The puff of frost hits you!
* * * LOW HITPOINT WARNING * * *
You barely miss the white imp.
You kick the white imp, but do no damage.
The white imp is severely wounded.
The white imp barely misses you.
You hit the white imp.
You kill the white imp!
The white imp disappears in a puff of smoke!
You hit Natasha.
Natasha is moderately wounded.
Natasha claws you.
* * * LOW HITPOINT WARNING * * *
Natasha claws you.
* * * LOW HITPOINT WARNING * * *
You closely miss Natasha. Your kick misses Natasha.
Natasha is moderately wounded.
Natasha claws you but does no damage.
You completely miss Natasha. You kick Natasha.
Natasha is heavily wounded.
Natasha claws you but does no damage.
The iron imp grinds its teeth.
You barely miss Natasha. You kick Natasha, but do no damage.
Natasha is heavily wounded.
Natasha claws you.
You die...
Your body crumbles into a pile of gold.

#.....#
#......##......#####...
###.###
#####..##.....#..P.P#..
#.#
#......##....#.#####.#.
.># #.####.##...#.#..
..#.# ###
#.##..#.#.#####.#P
#.##..#.#.#._P#.#. #
#.##..............
####.####.##..............
.........@h55....###...###
.###....))###.#.## #.###
######.# #.#.## #.# #.#
#....###.#### #.#
#...........# ######
#######.##.......####.#
.....# #.).....##.......#
#.# ####.#
#.#####.##.......# #.# ##
#.# #.# #.####...### #.#


You could see an iron imp (summoned), Natasha and a shadow imp (summoned).

Vanquished Creatures
  Natasha (twice) (D:3)
  4 gnolls (D:3)
  6 adders
  5 worms
  An orc (D:3)
  7 endoplasms
  3 giant cockroaches
  5 goblins
  5 hobgoblins
  4 jackals
  4 kobolds
  A quokka (D:2)
  8 ball pythons
  4 bats
  3 frilled lizards
  6 rats
68 creatures vanquished.

Vanquished Creatures (others)
  6 fungi (D:3)
  3 plants (D:3)
9 creatures vanquished.

Grand Total: 77 creatures vanquished

Notes
Turn   | Place    | Note
-------+----------+-------------------------------------------
     0 | D:1      | Sabo the Demonspawn Gladiator began the quest for the Orb.
     0 | D:1      | Reached XP level 1. HP: 16/16 MP: 1/1
   100 | D:1      | Gained mutation: You have large cloven feet. [demonic
                  | ancestry]
   100 | D:1      | Reached XP level 2. HP: 16/22 MP: 2/2
   174 | D:1      | You fall into a shaft and drop 1 floor!
   194 | D:2      | Reached skill level 3 in Axes
   494 | D:2      | Reached XP level 3. HP: 25/27 MP: 3/3
   633 | D:2      | Found a hide-covered altar of Uskayaw.
   717 | D:2      | Gained mutation: You sometimes gain a little power by
                  | taking damage. [demonic ancestry]
   717 | D:2      | Reached XP level 4. HP: 28/34 MP: 4/4
  2365 | D:3      | Reached skill level 4 in Axes
  2524 | D:3      | Noticed Natasha
  2530 | D:3      | Killed Natasha
  2598 | D:3      | Reached skill level 1 in Armour
  2598 | D:3      | Gained mutation: A meltable shield of frost defends you.
                  | (SH +4) [demonic ancestry]
  2598 | D:3      | Reached XP level 5. HP: 39/39 MP: 5/5
  2658 | D:3      | Found an opulent altar of Gozag.
  2732 | D:3      | Became a worshipper of Gozag Ym Sagoz the Greedy
  2803 | D:3      | Noticed Natasha
  2809 | D:3      | Killed Natasha
  2813 | D:3      | Found a faded altar of an unknown god.
  2847 | D:3      | Got Plato's Handbook of Enchantment
  3335 | D:3      | Noticed Natasha
  3352 | D:3      | Slain by Natasha

Illustrated notes

Levels and vault maps discovered:
D:1:      mrwooster_arrival_statue, layout_basic
D:2:      layout_basic, basic_altar, nicolae_wormholes
D:3:      layout_loops_ring, old_standard_altar,
          shapermc_ecumenical_altar_rom_forum, uniq_natasha

Skill      XL: |  1  2  3  4 |
---------------+-------------+-----
Axes           | 3 4 |  4.7
Dodging        | 3 |  3.5
Armour         | 1 |  1.2
Fighting       | |  2.7
Throwing       | |  1.9

Action                   |  1- 3 |  4- 6 || total
-------------------------+-------+-------++-------
Melee: War axe           |    69 |   111 ||   180
       Kick              |    10 |    30 ||    40
  Use: Scroll            |       |     4 ||     4
Armor: Leather armour    |    16 |       ||    16
       Scale mail        |    19 |    49 ||    68
Dodge: Dodged            |    52 |    48 ||   100
Block: Other             |       |     7 ||     7

Table legend: (Time is in decaauts)
 A = Elapsed time spent in this place.
 B = Non-inter-level travel time spent in this place.
 C = Inter-level travel time spent in this place.
 D = Time resting spent in this place.
 E = Time spent auto-exploring this place.
 F = Levels seen in this place.
 G = Mean time per level.
                   A        B        C        D        E       F      G
               +--------+--------+--------+--------+--------+-----+--------+
         Total |   3406 |   3406 |      0 |    838 |      0 |   3 | 1135.3 |
       Dungeon |   3406 |   3406 |      0 |    838 |      0 |   3 | 1135.3 |
               +--------+--------+--------+--------+--------+-----+--------+

Top non-repeatable levels by time:
     D:2: 1404 daAuts
     D:3: 1012 daAuts
     D:1: 989 daAuts
